 Dungeon Crawl Stone Soup version 0.31-a0-716-gc7603755dd (webtiles) character file.

Game seed: 1028470565867534345

116 Essalna the Conjurer (level 4, 0/30 HPs)
             Began as a Demonspawn Conjurer on Sept 10, 2023.
             Slain by an orc wizard
             ... wielding a +0 dagger
              (1 damage)
             ... on level 3 of the Dungeon.
             The game lasted 00:02:59 (2733 turns).

Essalna the Conjurer (Demonspawn Conjurer)          Turns: 2733, Time: 00:02:59

Health: 0/30       AC:  2    Str:  8    XL:     4   Next: 69%
Magic:  9/9        EV: 12    Int: 21    God:
Gold:   84         SH:  0    Dex: 11    Spells: 7/10 levels left

rFire   . . .        d - +1 dagger (protect)
rCold   . . .        (no shield)
rNeg    . . .        a - +0 robe
rPois   .            (no helmet)
rElec   .            (no cloak)
rCorr   .            (no gloves)
SInv    .            (no boots)
Will    .....        (no amulet)
Stlth   ++           (no ring)
HPRegen 0.25/turn    (no ring)
MPRegen 0.11/turn

%: no passive effects
@: no status effects
A: foul stench 1
a: no special abilities


You were on level 3 of the Dungeon.
You visited 1 branch of the dungeon, and saw 3 of its levels.

You collected 84 gold pieces.

Inventory:

Hand Weapons
 c - a +0 club
 d - a +1 dagger of protection (weapon)
Armour
 a - a +0 robe (worn)
Scrolls
 e - a scroll of blinking {unknown}
 i - a scroll of enchant armour {unknown}
 j - a scroll of identify {unknown}
 k - a scroll of amnesia {unknown}
Potions
 b - a potion of magic
 f - a potion of curing {unknown}
 g - a potion of heal wounds {unknown}
 h - a potion of invisibility {unknown}


   Skills:
 - Level 1.7 Dodging
 - Level 1.7 Stealth
 + Level 3.5 Spellcasting
 + Level 5.2 Conjurations


You had 7 spell levels left.
You knew the following spells:

 Your Spells              Type           Power      Damage    Failure   Level
a - Magic Dart            Conj           100%       1d8       1%          1
b - Searing Ray           Conj           50%        2d6       2%          2

Your spell library contained the following spells:

 Spells                   Type           Power      Damage    Failure   Level
 Dazzling Flash           Conj/Hex       28%        N/A       13%         3
 Sublimation of Blood     Necr           3%         N/A       19%         2
 Wereblood                Tmut           3%         N/A       19%         2
 Fulminant Prism          Conj/Hex       7%         3d7       41%         4
 Iskenderun's Mystic Bla  Conj/Tloc      14%        2d5       41%         4
 Summon Hydra             Summ           1%         N/A       100%        7


Dungeon Overview and Level Annotations

Branches:
Dungeon (3/15)

Altars:


Innate Abilities, Weirdness & Mutations

You may rarely emit foul miasma when damaged in melee.


Message History

Aiming: Searing Ray (safe; 2% risk of failure)
Press: ? - help, Shift-Dir - straight line, f - orc priest
Aim: an orc priest, wielding a +0 short sword and wearing a +0 chain mail (85% to hit)
The searing ray hits the orc priest but does no damage. (Press . to maintain the ray.)
The orc priest hits you with a +0 short sword.
The searing ray hits the orc priest!
The orc priest is heavily wounded.
The orc priest barely misses you.
The searing ray hits the orc priest.
The orc priest is severely wounded.
The orc priest closely misses you.
The searing ray hits the orc priest.
The orc priest is severely wounded.
You finish channelling your searing ray.
The orc priest mumbles some strange prayers to Beogh against you.
Beogh smites you! The orc hits you with a +2 heavy flail!
* * * LOW HITPOINT WARNING * * *
Casting: Searing Ray (safe; 2% risk of failure)
Confirm with . or Enter, or press ? or * to list all spells.
Aiming: Searing Ray (safe; 2% risk of failure)
Press: ? - help, Shift-Dir - straight line, f - orc wizard, p - orc priest
Aim: an orc wizard, wielding a +0 dagger and wearing a +0 robe (74% to hit)
The searing ray hits the orc priest.
You kill the orc priest!
The searing ray hits the orc wizard.
The orc wizard is moderately wounded. (Press . to maintain the ray.)
The orc closely misses you.
The searing ray hits the orc wizard.
The orc wizard is heavily wounded.
The orc wizard hits you with a +0 dagger.
* * * LOW HITPOINT WARNING * * *
Without enough magic to sustain it, your searing ray dissipates.
The orc barely misses you.
The orc wizard hits you with a +0 dagger.
* * * LOW HITPOINT WARNING * * *
Magic courses through your body.
The orc wizard hits you with a +0 dagger.
You die...

....####..#
..#.......#
#.........###..
#.........).#
#.....>).#
#.....#'######
#............#
#....oo......#
#....@.......#
#............#
######.......#
#.......#
#.......#
#.......#
#.......#
#########


You could see an orc wizard and an orc.

Vanquished Creatures
  An orc priest (D:3)
  2 adders (D:2)
  A worm (D:2)
  2 dart slugs
  2 orcs (D:3)
  5 bats
  2 endoplasms (D:1)
  A giant cockroach (D:2)
  7 goblins
  6 hobgoblins
  6 jackals
  4 kobolds
  3 quokkas
  6 ball pythons
  3 frilled lizards (D:2)
  5 rats
56 creatures vanquished.

Notes
Turn   | Place    | Note
-------+----------+-------------------------------------------
     0 | D:1      | Essalna the Demonspawn Conjurer began the quest for the
                  | Orb.
     0 | D:1      | Reached XP level 1. HP: 13/13 MP: 3/3
   191 | D:1      | Gained mutation: You may rarely emit foul miasma when
                  | damaged in melee. [demonic ancestry]
   191 | D:1      | Reached XP level 2. HP: 19/19 MP: 1/5
   666 | D:1      | Reached XP level 3. HP: 24/24 MP: 1/7
  1206 | D:2      | Learned a level 2 spell: Searing Ray
  1471 | D:2      | Found a faded altar of an unknown god.
  1682 | D:2      | Reached XP level 4. HP: 30/30 MP: 4/8
  2244 | D:2      | Reached skill level 5 in Conjurations
  2732 | D:3      | HP: 1/30 [orc wizard/+0 dagger (2)]
  2733 | D:3      | Slain by an orc wizard

Illustrated notes

Levels and vault maps discovered:
D:1:      dpeg_arrival_erosion, layout_basic, minmay_indecisive_spiral
D:2:      layout_basic, shapermc_ecumenical_altar_notcrosses
D:3:      layout_basic, riverfiend_overflow_shadow_ancestor

Skill      XL: |  1  2  3  4 |
---------------+-------------+-----
Spellcasting   | 3 |  3.5
Conjurations   | 5 |  5.2
Dodging        | |  1.7
Stealth        | |  1.7

Action                     |  1- 3 |  4- 6 || total
---------------------------+-------+-------++-------
  Melee: Dagger            |    31 |       ||    31
   Cast: Magic Dart        |    68 |    36 ||   104
         Searing Ray       |       |     2 ||     2
    Use: Potion            |       |     1 ||     1
 Armour: Robe              |    34 |     7 ||    41
  Dodge: Dodged            |    27 |     5 ||    32

Table legend: (Time is in decaauts)
 A = Elapsed time spent in this place.
 B = Non-inter-level travel time spent in this place.
 C = Inter-level travel time spent in this place.
 D = Time resting spent in this place.
 E = Time spent auto-exploring this place.
 F = Levels seen in this place.
 G = Mean time per level.
                   A        B        C        D        E       F      G
               +--------+--------+--------+--------+--------+-----+--------+
         Total |   2733 |   2615 |    118 |    166 |   2177 |   3 |  911.0 |
       Dungeon |   2733 |   2615 |    118 |    166 |   2177 |   3 |  911.0 |
               +--------+--------+--------+--------+--------+-----+--------+

Top non-repeatable levels by time:
     D:2: 1483 daAuts
     D:1: 1199 daAuts
     D:3: 50 daAuts
